 Dungeon Crawl Stone Soup version 0.23-a0-473-gc8aadda (webtiles) character file.

19 JeffiDaFish the Grave Robber (level 2, -2/15 HPs)
             Began as a Deep Elf Necromancer on Nov 28, 2018.
             Slain by a worm (12 damage)
             ... on level 2 of the Dungeon.
             The game lasted 00:03:00 (1736 turns).

JeffiDaFish the Grave Robber (Deep Elf Necromancer) Turns: 1736, Time: 00:03:01

Health: -2/15      AC:  3    Str:  5    XL:     2   Next: 55%
Magic:  2/8        EV: 13    Int: 19    God:
Gold:   22         SH:  0    Dex: 15    Spells: 6/7 levels left

rFire    . . .     SeeInvis .   b - +2 short sword (flame)
rCold    . . .     Gourm    .   (no shield)
rNeg     . . .     Faith    .   d - +0 robe
rPois    .         Spirit   .   (no helmet)
rElec    .         Reflect  .   (no cloak)
rCorr    .         Harm     .   (no gloves)
MR       .....                  a - +0 pair of boots
Stlth    ++........             (no amulet)
HPRegen  0.05/turn              (no ring)
MPRegen  0.11/turn              (no ring)

@: no status effects
A: no striking features
a: no special abilities


You were on level 2 of the Dungeon.
You were very hungry.

You visited 1 branch of the dungeon, and saw 2 of its levels.

You collected 22 gold pieces.

Inventory:

Hand Weapons
 b - a +2 short sword of flaming (weapon)
Armour
 a - a +0 pair of boots (worn)
 d - a +0 robe (worn)
Comestibles
 c - 3 rations


   Skills:
 + Level 2.4 Dodging
 + Level 2.4 Stealth
 + Level 3.4 Spellcasting
 * Level 5.4 Necromancy


You had 6 spell levels left.
You knew the following spells:

 Your Spells              Type           Power        Failure   Level  Hunger
a - Pain                  Necr           ###.         1%          1    None

Your spell library contained the following spells:

 Spells                   Type           Power        Failure   Level  Hunger
 Animate Skeleton         Necr           N/A          1%          1    None
 Vampiric Draining        Necr           ###.......   4%          3    ###....
 Regeneration             Chrm/Necr      ##........   14%         3    ###....
 Animate Dead             Necr           N/A          16%         4    ####...


Dungeon Overview and Level Annotations

Branches:
Dungeon (2/15)

Altars:


Message History

Casting: Pain (safe; 1% risk of failure)
Confirm with . or Enter, or press ? or * to list all spells.
Aiming: Pain (safe; 1% risk of failure)
Press: ? - help, Shift-Dir - straight line, f/p - worm
Aim: a worm (heavily wounded, chance to defeat MR: 88%)
The worm writhes in agony!
Casting: Pain (safe; 1% risk of failure)
Confirm with . or Enter, or press ? or * to list all spells.
Aiming: Pain (safe; 1% risk of failure)
Press: ? - help, Shift-Dir - straight line, f/p - worm
Aim: a worm (heavily wounded, chance to defeat MR: 88%)
The worm writhes in agony!
Casting: Pain (safe; 1% risk of failure)
Confirm with . or Enter, or press ? or * to list all spells.
Aiming: Pain (safe; 1% risk of failure)
Press: ? - help, Shift-Dir - straight line, f/p - worm
Aim: a worm (almost dead, chance to defeat MR: 88%)
The worm barely resists.
The worm bites you!
Ouch! That really hurt!
You die...

#### #..
#.# #@#
#.w......
.........
#######.##
#


You could see a worm.

Vanquished Creatures
  A dart slug (D:1)
  A leopard gecko (D:1)
  3 bats (D:1)
  2 giant cockroaches (D:1)
  A goblin (D:1)
  3 hobgoblins (D:1)
  2 kobolds (D:1)
  A rat (D:1)
14 creatures vanquished.

Notes
Turn   | Place    | Note
-------+----------+-------------------------------------------
     0 | D:1      | JeffiDaFish the Deep Elf Necromancer began the quest for
                  | the Orb.
     0 | D:1      | Reached XP level 1. HP: 10/10 MP: 6/6
   164 | D:1      | Reached skill level 5 in Necromancy
   938 | D:1      | Reached XP level 2. HP: 12/15 MP: 4/8
  1736 | D:2      | Slain by a worm

Vault maps used:
D:1:      elethiomel_arrival_maze
D:2:      cheibrodos_fertilizer, marbit_many_paths, first_ration,
          kennysheep_generic_room_3, uniq_natasha, uniq_terence, uniq_robin

Skill      XL: |  1 |
---------------+----+-----
Necromancy     | 5 |  5.4
Dodging        | |  2.4
Stealth        | |  2.4
Spellcasting   | |  3.4

Action                   || total
-------------------------++-------
Melee: Short sword       ||     3
       Dagger            ||     1
 Cast: Pain              ||    35
  Use: Scroll            ||     4
  Eat: Chunk             ||     1
Armor: Robe              ||     2
Dodge: Dodged            ||    17

Table legend:
 A = Non-vault XP
 B = Vault XP
 C = Vault XP percentage of total XP
 D = Non-vault monster count
 E = Vault monster count
 F = Vault count percentage of total count
                 A         B        C        D         E       F
            +---------+---------+-------+---------+---------+-------
      Total |      28 |       0 |   0.0 |      14 |       0 |   0.0
            +---------+---------+-------+---------+---------+-------
        D:1 |      28 |       0 |   0.0 |      14 |       0 |   0.0
            +---------+---------+-------+---------+---------+-------
